 Dungeon Crawl Stone Soup version 0.27-a0-1248-g57ac2eb73c (webtiles) character file.

Game seed: 14236363548791839807

124 HAL9000 the Chucker (level 5, -4/50 HPs)
             Began as an Ogre Hunter on June 10, 2021.
             Slain by a scorpion (7 damage)
             ... on level 3 of the Dungeon.
             The game lasted 00:03:14 (4724 turns).

HAL9000 the Chucker (Ogre Hunter)                   Turns: 4724, Time: 00:03:15

Health: -4/50      AC:  3    Str: 17    XL:     5   Next: 8%
Magic:  5/5        EV:  9    Int: 12    God:
Gold:   73         SH:  0    Dex:  9    Spells: 4/4 levels left

rFire    . . .     SeeInvis .   f - +0 club
rCold    + . .     Faith    .   (no shield)
rNeg     . . .     Spirit   .   b - +0 robe
rPois    .         Reflect  .   (helmet restricted)
rElec    .         Harm     .   (no cloak)
rCorr    .         Rampage  .   (gloves unavailable)
Will     .....                  (boots unavailable)
Stlth    +.........             (no amulet)
HPRegen  0.16/turn              i - ring of protection from cold
MPRegen  0.09/turn              (no ring)

@: lethally poisoned (-4 -> -7)
A: large, unfitting armour, tough skin 1
a: no special abilities


You were on level 3 of the Dungeon.
You visited 1 branch of the dungeon, and saw 3 of its levels.

You collected 73 gold pieces.

Inventory:

Hand Weapons
 a - a +0 short sword
 f - a +0 club (weapon)
Missiles
 c - 2 large rocks (quivered)
 d - 2 throwing nets
Armour
 b - a +0 robe (worn)
Jewellery
 i - a ring of protection from cold (left hand)
 k - a ring of ice
 p - a ring of protection from cold
Scrolls
 e - a scroll of noise {unknown}
 g - a scroll of torment {unknown}
 h - 2 scrolls of summoning {unknown}
 j - a scroll of enchant armour {unknown}
 l - a scroll of magic mapping {unknown}
 m - a scroll of identify {unknown}
 q - a scroll of teleportation {unknown}
Potions
 n - a potion of haste {unknown}
 o - a potion of heal wounds {unknown}


   Skills:
 + Level 2.7 Fighting
 + Level 3.4 Maces & Flails
 - Level 4.6 Throwing
 - Level 1.7 Dodging
 - Level 0.6 Stealth


You had 4 spell levels left.
You didn't know any spells.
Your spell library contained the following spells:

 Spells                   Type           Power      Damage    Failure   Level
 Animate Skeleton         Necr           0%         N/A       32%         1
 Pain                     Necr           0%         1d4       32%         1
 Vampiric Draining        Necr           0%         2d6       69%         3
 Animate Dead             Necr           0%         N/A       97%         4
 Agony                    Necr           0%         N/A       100%        5


Dungeon Overview and Level Annotations

Branches:
Dungeon (3/15)

Altars:
Zin


Innate Abilities, Weirdness & Mutations

You are too large for most types of armour.
You have tough skin. (AC +1)


Message History

The scorpion stings you.
You are poisoned.
The scorpion poisons you!
You closely miss the scorpion.
The scorpion is heavily wounded.
You feel very sick. The scorpion closely misses you. The scorpion stings you.
You closely miss the scorpion.
The scorpion is heavily wounded.
You feel sick. The scorpion stings you.
You hit the scorpion but do no damage.
The scorpion is heavily wounded.
You feel sick.
The scorpion stings you but does no damage.
You hit the scorpion but do no damage.
The scorpion is heavily wounded.
You feel sick. The scorpion stings you.
You are more poisoned.
The scorpion poisons you! The scorpion closely misses you.
You barely miss the scorpion.
The scorpion is heavily wounded.
You feel very sick. The scorpion stings you.
You closely miss the scorpion.
The scorpion is heavily wounded.
You feel very sick. The scorpion stings you!
You barely miss the scorpion.
The scorpion is heavily wounded.
You feel sick. The scorpion barely misses you. The scorpion stings you!
* * * LOW HITPOINT WARNING * * *
You closely miss the scorpion.
The scorpion is heavily wounded.
You feel sick. The scorpion stings you.
* * * LOW HITPOINT WARNING * * *
You closely miss the scorpion.
The scorpion is heavily wounded.
* * * LOW HITPOINT WARNING * * *
You feel sick. The scorpion completely misses you. The scorpion stings you!
You die...

######### ........#
........# ..♣♣....#
.♣.♣....#
..♣.....###########.###.
..♣♣............@s(.(...
.......#####.######.#.#.
.......# #.# .....###
#.# .....# ###.###
#....# ##.....####
#....####....#....#####.
......#...#.....#.......
........##.#.###.##.###


You could see a scorpion.

Vanquished Creatures
  An iguana (D:3)
  4 adders (D:2)
  6 dart slugs
  An orc (D:3)
  3 endoplasms
  A giant cockroach (D:1)
  4 goblins
  6 hobgoblins
  2 jackals (D:1)
  2 kobolds
  2 quokkas
  4 ball pythons
  10 bats
  2 frilled lizards
  3 rats (D:1)
51 creatures vanquished.

Notes
Turn   | Place    | Note
-------+----------+-------------------------------------------
     0 | D:1      | HAL9000 the Ogre Hunter began the quest for the Orb.
     0 | D:1      | Reached XP level 1. HP: 22/22 MP: 1/1
   195 | D:1      | Reached XP level 2. HP: 18/29 MP: 2/2
   750 | D:1      | Reached skill level 1 in Maces & Flails
   750 | D:1      | Reached XP level 3. HP: 23/36 MP: 3/3
  2581 | D:2      | Reached XP level 4. HP: 33/44 MP: 4/4
  3582 | D:3      | Found a glowing silver altar of Zin.
  4020 | D:3      | Reached XP level 5. HP: 39/50 MP: 5/5
  4724 | D:3      | Slain by a scorpion

Illustrated notes

Levels and vault maps discovered:
D:1:      lightli_arrival_maybe_door_vault, layout_rooms, minmay_tromino_v4_a
D:2:      layout_loops_ring, grunt_decor_fettered, minivault_26
D:3:      layout_basic, zin_academy, grunt_decor_mini_mirrors, chequers_garden

Skill      XL: |  1  2  3  4 |
---------------+-------------+-----
Maces & Flails | 1 2 3 |  3.4
Fighting       | |  2.7
Throwing       | |  4.6
Dodging        | |  1.7
Stealth        | |  0.6

Action                   |  1- 3 |  4- 6 || total
-------------------------+-------+-------++-------
Melee: Short sword       |    36 |       ||    36
       Club              |   119 |   135 ||   254
Throw: Large rock        |       |     5 ||     5
  Use: Potion            |     1 |       ||     1
 Stab: Sleeping          |     2 |     1 ||     3
Armor: Robe              |    88 |    57 ||   145
Dodge: Dodged            |   146 |    73 ||   219

Table legend: (Time is in decaauts)
 A = Elapsed time spent in this place.
 B = Non-inter-level travel time spent in this place.
 C = Inter-level travel time spent in this place.
 D = Time resting spent in this place.
 E = Time spent auto-exploring this place.
 F = Levels seen in this place.
 G = Mean time per level.
                   A        B        C        D        E       F      G
               +--------+--------+--------+--------+--------+-----+--------+
         Total |   4777 |   4730 |     47 |   2207 |   1981 |   3 | 1592.3 |
       Dungeon |   4777 |   4730 |     47 |   2207 |   1981 |   3 | 1592.3 |
               +--------+--------+--------+--------+--------+-----+--------+

Top non-repeatable levels by time:
     D:2: 2065 daAuts
     D:1: 1428 daAuts
     D:3: 1283 daAuts
